 Dungeon Crawl Stone Soup version 0.28-a0-1152-g9c71ebef14 (webtiles) character file.

Game seed: 318791796336529749

4 spaghetti the Sneak (level 1, -1/16 HPs)
             Began as an Octopode Delver on Dec 14, 2021.
             Killed from afar by an orc wizard (13 damage)
             ... with a puff of flame
             ... on level 5 of the Dungeon.
             The game lasted 00:00:20 (241 turns).

spaghetti the Sneak (Octopode Delver)                Turns: 241, Time: 00:00:21

Health: -1/16      AC:  1    Str: 11    XL:     1   Next: 60%
Magic:  1/1        EV: 13    Int: 12    God:
Gold:   0          SH:  0    Dex: 13    Spells: 0/0 levels left

rFire   . . .      SeeInvis .   a - +0 hand axe {axe}
rCold   . . .      Faith    .   (no shield)
rNeg    . . .      Spirit   .   (helmet restricted)
rPois   .          Reflect  .   (no amulet)
rElec   .          Harm     .   (no ring)
rCorr   .          Rampage  .   (no ring)
Will    .....                   (no ring)
Stlth   ++........              (no ring)
HPRegen 0.05/turn               (no ring)
MPRegen 0.07/turn               (no ring)
                                (no ring)
                                (no ring)

@: confused
A: almost no armour, amphibious, 8 rings, camouflage 1, gelatinous body 1,
(nimble swimmer 1), tentacles
a: no special abilities


You were on level 5 of the Dungeon.
You visited 1 branch of the dungeon, and saw 1 of its levels.


Innate Abilities, Weirdness & Mutations

You cannot wear most types of armour.
You are amphibious.
You can wear up to eight rings at the same time.
Your skin changes colour to match your surroundings (Stealth+).
Your rubbery body absorbs attacks. (AC +1, EV +1)
((You are camouflaged near water. (Stealth+)))
You have tentacles for arms and can constrict up to eight enemies at once.


   Skills:
 + Level 3.3 Fighting
 - Level 2.0 Axes
 - Level 2.0 Dodging
 - Level 6.6 Stealth


You couldn't memorise any spells.
You didn't know any spells.
Your spell library was empty.

Inventory:

Hand Weapons
 a - a +0 hand axe (weapon) {axe}
Missiles
 g - 8 stones (quivered) {throwing}
Wands
 f - a wand of digging (3)
Scrolls
 b - a scroll of fog
 c - a scroll of magic mapping {!r}
 d - a scroll of fear
Potions
 e - a potion of haste {@q3}

Dungeon Overview and Level Annotations

Branches:
Dungeon (5/15)
 Temple: D:4-7

Altars:

#.# #.....#. #.#
####..#. #.# #....
#.# ##... #.# #...
#.# ##.. #.# #..
#o# #.. #@# #..
#.# ##. #.# #. #.#
#. #.# #.
#.###############.
#...).............
##################


You could see an orc wizard.


Message History

🤖 Initializing magus.rc ...
Options error: Delay interrupt name "hungry" not recognised. (~/.crawlrc:4771) ✅ Successfully initialized magus.rc [v1.9.6] Welcome, spaghetti the Octopode Delver.
The heart of this dungeon contains the majestic artefact, the Orb of Zot.
Press ? for a list of commands and other information.
Found 8 stones.
Found a stone staircase leading down.
Unknown command.
g - 8 stones {throwing}
There is a stone staircase leading down here.
You open the door. 2 orcs come into view.
There is an open door here.
A worm and an orc wizard come into view.
The helpless orc fails to defend itself.
You hit the orc. You grab the orc. You squeeze the orc.
You kill the orc!
There is an open door here.
You close the door.
You start waiting.
Done waiting.
Unknown command.
You open the door. 3 gnolls come into view.
The orc shouts!
There are monsters nearby!
A gnoll comes into view. It is wielding a +0 whip.
An orc is nearby!
An orc is nearby!
An orc is nearby!
You hit the orc. You grab the orc. You squeeze the orc.
You kill the orc!
No target in view!
No target in view!
No target in view!
No target in view!
No target in view!
No target in view!
No target in view!
No target in view!
No target in view!
No target in view!
No target in view!
Things that are here:
a +0 dagger {short}; a +0 leather armour An orc wizard is nearby!
You hit the orc wizard but do no damage.
You grab the orc wizard.
You constrict the orc wizard, but do no damage.
The orc wizard casts a spell at you.
You are confused.
The orc wizard barely misses you.
Unknown command.
You bump into the rock wall.
You constrict the orc wizard.
The orc wizard hits you with a +0 dagger. 😮 HP[-4]
You take 4 damage, and now have 12/16 hp.
MASSIVE DAMAGE!! (PAUSE) Unknown command.
You closely miss the orc wizard. You constrict the orc wizard.
The orc wizard points at you and mumbles some strange words.
The puff of flame hits you!
Ouch! That really hurt!
You die...

Action                   || total
-------------------------++-------
Melee: Hand axe          ||     4
       Constrict         ||     3
       Tentacles         ||     2
 Stab: Sleeping          ||     1
Dodge: Dodged            ||     1

Levels and vault maps discovered:
D:5:      layout_basic, uniq_grinder

Notes
Turn   | Place    | Note
-------+----------+-------------------------------------------
     0 | D:5      | spaghetti the Octopode Delver began the quest for the Orb.
     0 | D:5      | Reached XP level 1. HP: 16/16 MP: 1/1
     0 | D:5      | magus.rc [v1.9.6]
    99 | D:5      | Noticed an orc wizard
   241 | D:5      | Killed from afar by an orc wizard

Vanquished Creatures
  2 orcs (D:5)
2 creatures vanquished.

Table legend:
 A = Non-vault XP
 B = Vault XP
 C = Vault XP percentage of total XP
 D = Non-vault monster count
 E = Vault monster count
 F = Vault count percentage of total count
                 A         B        C        D         E       F
            +---------+---------+-------+---------+---------+-------
      Total |       6 |       0 |   0.0 |       2 |       0 |   0.0
            +---------+---------+-------+---------+---------+-------
        D:5 |       6 |       0 |   0.0 |       2 |       0 |   0.0
            +---------+---------+-------+---------+---------+-------

Illustrated notes

Table legend:
 A = Kills in this place as a percentage of kills in entire the game.
 B = Kills by you in this place as a percentage of kills by you in the entire game.
 C = Kills by friends in this place as a percentage of kills by friends in the entire game.
 D = Other kills in this place as a percentage of other kills in the entire game.
 E = Experience gained in this place as a percentage of experience gained in the entire game.
 F = Experience gained in this place divided by the number of levels of this place that you have seen.
                   A       B       C       D       E      F
               +-------+-------+-------+-------+-------+----------------------
         Total | 100.0 | 100.0 |   N/A |   N/A | 100.0 |   6.0
       Dungeon | 100.0 | 100.0 |   N/A |   N/A | 100.0 |   6.0
               +-------+-------+-------+-------+-------+----------------------

Table legend: (Time is in decaauts)
 A = Elapsed time spent in this place.
 B = Non-inter-level travel time spent in this place.
 C = Inter-level travel time spent in this place.
 D = Time resting spent in this place.
 E = Time spent auto-exploring this place.
 F = Levels seen in this place.
 G = Mean time per level.
                   A        B        C        D        E       F      G
               +--------+--------+--------+--------+--------+-----+--------+
         Total |    241 |    241 |      0 |    100 |    101 |   1 |  241.0 |
       Dungeon |    241 |    241 |      0 |    100 |    101 |   1 |  241.0 |
               +--------+--------+--------+--------+--------+-----+--------+

Top non-repeatable levels by time:
     D:5: 241 daAuts
